 Dungeon Crawl Stone Soup version 0.31-a0-152-g6aa68a64a1 (webtiles) character file.

Game seed: 8409297139825424897

39 qw the Shooter (level 3, 0/21 HPs)
             Began as a Gargoyle Hunter on June 10, 2023.
             Slain by a worm (4 damage)
             ... on level 1 of the Dungeon.
             The game lasted 00:00:20 (854 turns).

qw the Shooter (Gargoyle Hunter)                     Turns: 854, Time: 00:00:20

Health: 0/21       AC:  8    Str: 14    XL:     3   Next: 45%
Magic:  3/3        EV: 10    Int:  9    God:
Gold:   74         SH:  0    Dex: 15    Spells: 2/2 levels left

rFire   . . .        a - +0 shortbow
rCold   . . .        (shield currently unavailable)
rNeg    + . .        e - +0 ring mail
rPois   inf          (no helmet)
rElec   +            (no cloak)
rCorr   .            (no gloves)
SInv    .            (no boots)
Will    .....        (no amulet)
Stlth   +            (no ring)
HPRegen 0.23/turn    (no ring)
MPRegen 0.08/turn

%: no passive effects
@: no status effects
A: sickness immunity, AC +3, negative energy resistance 1, electricity
resistance, torment resistance 1, petrification resistance
a: no special abilities


You were on level 1 of the Dungeon.
You visited 1 branch of the dungeon, and saw 2 of its levels.

You collected 74 gold pieces.


Innate Abilities, Weirdness & Mutations

You are immune to sickness and miasma.
Your stone body is resilient. (AC +3)
You are immune to poison.
You resist negative energy. (rN+)
You are resistant to electric shocks. (rElec)
You are resistant to unholy torment.
You are immune to petrification.


   Skills:
 + Level 2.3 Fighting
 - Level 5.0 Ranged Weapons
 - Level 1.0 Armour
 - Level 1.5 Dodging
 - Level 1.1 Stealth


You had 2 spell levels left.
You didn't know any spells.
Your spell library was empty.

Inventory:

Hand Weapons
 a - a +0 shortbow (weapon)
Armour
 e - a +0 ring mail (worn)
Potions
 f - a potion of invisibility {unknown}

Dungeon Overview and Level Annotations

Branches:
Dungeon (2/15)

Altars:


Message History

The adder bites you but does no damage. The frilled lizard closely misses you.
The worm bites you! The adder bites you but does no damage.
The frilled lizard bites you but does no damage.
846 ||| STAIRDANCE The adder closely misses you.
The frilled lizard closely misses you.
You fly upwards.
You float gracefully downwards.
There is a stone staircase leading down here.
Enter note:
Enter note:
Enter note:
Enter note:
Enter note: You shoot an arrow.
The arrow hits the adder.
The adder is severely wounded.
The adder closely misses you. The worm bites you.
The frilled lizard barely misses you. The adder barely misses you.
You shoot an arrow. The arrow closely misses the adder.
Your enlightenment fades.
The adder barely misses you. The frilled lizard closely misses you.
The worm bites you but does no damage.
You shoot an arrow. The arrow closely misses the adder.
The adder bites you. The frilled lizard closely misses you.
The adder bites you but does no damage. The worm bites you but does no damage.
You shoot an arrow. The arrow hits the adder.
The adder is severely wounded.
The frilled lizard barely misses you. The adder bites you but does no damage.
The frilled lizard barely misses you. The adder bites you.
The worm bites you but does no damage.
You shoot an arrow. The arrow hits the adder.
The adder is almost dead.
The adder barely misses you. The frilled lizard barely misses you.
You shoot an arrow. The arrow hits the adder.
You kill the adder!
The frilled lizard bites you but does no damage.
The worm bites you but does no damage.
Your Armour skill increases to level 1!
You shoot an arrow. The arrow hits the worm.
The worm is moderately wounded.
The frilled lizard closely misses you. The worm bites you.
You die...

#.###############.# #...# #.
#.#...............# #...# #.
###.#.##################...####.
#...#.# #.>............'......'.
#.###.# #.######..######.....##.
#.# #.###'#..................++.
#.###.##...#.................##.
#.#.#.##...####w#######......###
#.#...##.......@l............'..
#.#....'......#.##########...###
#.######?..##.#.# #...#
#...........#.#.# ##########
####.....##.#.#.# #.........
#.....##.#.#.#######.........
#.....##.#.#.................
#..%..##'#.......###....)....
#...|.#............#.........


You could see a worm and a frilled lizard.

Vanquished Creatures
  An adder (D:1)
  A dart slug (D:1)
  5 bats (D:1)
  2 giant cockroaches (D:1)
  4 kobolds (D:1)
  2 quokkas (D:1)
  5 ball pythons (D:1)
  2 frilled lizards (D:1)
  2 goblins (D:1)
  3 rats (D:1)
27 creatures vanquished.

Notes
Turn   | Place    | Note
-------+----------+-------------------------------------------
     0 | D:1      | qw the Gargoyle Hunter began the quest for the Orb.
     0 | D:1      | Reached XP level 1. HP: 12/12 MP: 1/1
     0 | D:1      | 0 ||| qw: Version: 0.2-a-29-g0080da8
     0 | D:1      | 0 ||| qw: Game counter: 3828
     0 | D:1      | 0 ||| qw: Always use a shield: true
     0 | D:1      | 0 ||| qw: God list: Okawaru
     0 | D:1      | 0 ||| qw: Allow faded altars: false
     0 | D:1      | 0 ||| qw: Do Orc after D:15 true
     0 | D:1      | 0 ||| qw: Do second Lair branch before Depths: true
     0 | D:1      | 0 ||| qw: Lair rune preference: random
     0 | D:1      | 0 ||| qw: Plans: Normal, Zot:1-4, Slime:5, God:TSO, Crypt,
                  | Tomb, Abyss, Pan, Hells, Win
     0 | D:1      | 0 ||| PLANNING D:1-11
   197 | D:1      | Reached XP level 2. HP: 17/17 MP: 2/2
   585 | D:1      | Reached XP level 3. HP: 21/21 MP: 3/3
   641 | D:1      | Reached skill level 5 in Ranged Weapons
   796 | D:1      | 796 ||| UPGRADING to +0 ring mail.
   806 | D:1      | 806 ||| DROPPING +0 leather armour.
   807 | D:1      | 807 ||| DRINKING 2 lumpy emerald potions.
   808 | D:1      | 808 ||| DROPPING scroll of butterflies.
   809 | D:1      | 809 ||| DROPPING potion of enlightenment.
   846 | D:2      | 846 ||| STAIRDANCE
   850 | D:1      | HP: 5/21 [adder (3)]
   854 | D:1      | Reached skill level 1 in Armour
   854 | D:1      | Slain by a worm

Levels and vault maps discovered:
D:1:      dpeg_arrival_water_temple_mockup, layout_basic
D:2:      layout_loops_corners, uniq_terence

Skill      XL: |  1  2  3 |
---------------+----------+-----
Ranged Weapons | 5 |  5.0
Armour         | 1 |  1.0
Fighting       | |  2.3
Dodging        | |  1.5
Stealth        | |  1.1

Action                     || total
---------------------------++-------
   Fire: Shortbow          ||    86
    Use: Potion            ||     1
 Armour: Leather armour    ||    24
         Ring mail         ||    18
  Dodge: Dodged            ||    41

Table legend:
 A = Non-vault XP
 B = Vault XP
 C = Vault XP percentage of total XP
 D = Non-vault monster count
 E = Vault monster count
 F = Vault count percentage of total count
                 A         B        C        D         E       F
            +---------+---------+-------+---------+---------+-------
      Total |      56 |       0 |   0.0 |      27 |       0 |   0.0
            +---------+---------+-------+---------+---------+-------
        D:1 |      56 |       0 |   0.0 |      27 |       0 |   0.0
            +---------+---------+-------+---------+---------+-------
